 Dungeon Crawl Stone Soup version 0.24.1-14-gf8d2b509d9 (webtiles) character file.

Game seed: 418243406149025053, levelgen mode: deterministic

13918 Gildeon the Basher (level 12, -1/73 HPs)
             Began as a Gargoyle Fighter on May 24, 2020.
             Was an Elder of Makhleb.
             Slain by an ice devil (22 damage)
             ... on level 11 of the Dungeon.
             The game lasted 00:42:10 (11088 turns).

Gildeon the Basher (Gargoyle Fighter)              Turns: 11088, Time: 00:42:11

Health: -1/73      AC: 31    Str: 26    XL:     12   Next: 11%
Magic:  15/15      EV: 10    Int: 13    God:    Makhleb [****..]
Gold:   716        SH: 12    Dex: 15    Spells: 14/16 levels left

rFire    . . .     SeeInvis .   J - +9 mace "Vablirghu" {elec, -Tele +Inv Int+2}
rCold    . . .     Gourm    +   c - +0 shield
rNeg     + . .     Faith    .   A - +0 plate armour
rPois    ∞         Spirit   .   (no helmet)
rElec    +         Reflect  .   s - +0 cloak
rCorr    .         Harm     .   t - +2 pair of gloves
MR       .....     NoTele   +   p - +2 pair of boots
Stlth    ..........             I - amulet of the gourmand
HPRegen  0.22/turn              O - +3 ring of strength
MPRegen  0.14/turn              m - +6 ring of dexterity

@: studying Armour
A: negative energy resistance 1, electricity resistance, unbreathing,
petrification resistance, rot immunity, AC +8
a: Minor Destruction, Lesser Servant of Makhleb, Major Destruction, Renounce
Religion, Evoke Invisibility


You were on level 11 of the Dungeon.
You worshipped Makhleb.
Makhleb was greatly pleased with you.
You were completely stuffed.

You visited 2 branches of the dungeon, and saw 12 of its levels.

You collected 716 gold pieces.

Inventory:

Hand Weapons
 a - a +0 morningstar
 F - a +1 mace of protection
 J - the +9 mace "Vablirghu" (weapon) {elec, -Tele +Inv Int+2}
   (You found it on level 8 of the Dungeon)

   Occasionally, upon striking a foe, it will discharge some electrical energy
   and cause terrible harm.
   It affects your intelligence (+2).
   It lets you turn invisible.
   It prevents most forms of teleportation.
Armour
 c - a +0 shield (worn)
 p - a +2 pair of boots (worn)
 s - a +0 cloak (worn)
 t - a +2 pair of gloves (worn)
 A - a +0 plate armour (worn)
Jewellery
 m - a +6 ring of dexterity (right hand)
 I - an amulet of the gourmand (around neck)
 O - a +3 ring of strength (left hand)
 Q - an uncursed ring of fire
Wands
 l - a wand of random effects (8)
 r - a wand of flame (2)
 u - a wand of iceblast (17)
 M - a wand of disintegration (16)
 N - a wand of acid (11)
Scrolls
 b - 6 scrolls of teleportation
 e - 2 scrolls of blinking {unknown}
 g - 7 scrolls of remove curse
 h - 3 scrolls of enchant armour {unknown}
 q - a scroll of noise {unknown}
 v - 2 scrolls of magic mapping {unknown}
 w - a scroll of brand weapon {unknown}
 y - a scroll of fear {unknown}
 B - 3 scrolls of immolation {unknown}
 C - 4 scrolls of amnesia
 E - 2 scrolls of enchant weapon {unknown}
 G - a scroll of holy word {unknown}
 H - 4 scrolls of random uselessness {unknown}
Potions
 d - a potion of might
 i - a potion of invisibility
 j - 3 potions of brilliance
 k - a potion of flight
 n - 4 potions of curing
 o - a potion of agility
 x - a potion of degeneration {unknown}
 z - a potion of cancellation {unknown}
 D - a potion of ambrosia {unknown}
 L - a potion of mutation {unknown}
Books
 K - a manual of Armour
Comestibles
 f - 23 rations
 P - 31 chunks of flesh


   Skills:
 + Level 8.0 Fighting
 - Level 10.0 Maces & Flails
 + Level 9.8 Armour
 + Level 6.7 Dodging
 + Level 7.9 Shields
 - Level 2.6 Spellcasting
 - Level 2.5 Transmutations
 - Level 2.8 Earth Magic
 - Level 5.0 Invocations
 - Level 5.0 Evocations


You had 14 spell levels left.
You knew the following spells:

 Your Spells              Type           Power        Failure   Level  Hunger
a - Passwall              Tmut/Erth      #.......     96%         2    ###....

Your spell library contained the following spells:

 Spells                   Type           Power        Failure   Level  Hunger
 Sandblast                Erth           #.....       88%         1    #......
 Summon Small Mammal      Summ           #...         99%         1    #......
 Call Imp                 Summ           #.......     100%        2    ###....
 Call Canine Familiar     Summ           #.......     100%        3    ###....
 Stone Arrow              Conj/Erth      #.....       100%        3    ###....
 Summon Guardian Golem    Hex/Summ       #.......     100%        3    ###....
 Petrify                  Tmut/Erth      #.......     100%        4    #####..
 Summon Ice Beast         Ice/Summ       #.......     100%        4    #####..
 Summon Lightning Spire   Summ/Air       #.......     100%        4    #####..
 Lee's Rapid Deconstruct  Erth           #.........   100%        5    ######.


Dungeon Overview and Level Annotations

Branches:
Dungeon (11/15)            Temple (1/1) D:5            Lair (0/6) D:11
    Orc (0/2) D:10

Altars:
Ashenzari
Cheibriados
Dithmenos
Elyvilon
Fedhas
Gozag
Hepliaklqana
Kikubaaqudgha
Makhleb
Nemelex Xobeh
Okawaru
Qazlal
Ru
Sif Muna
Trog
Uskayaw
Vehumet
Wu Jian
Xom
Yredelemnul
Zin
The Shining One
Beogh

Shops:
D:11 (


Innate Abilities, Weirdness & Mutations

You are resistant to torment.
Your stone body is resilient. (AC +8)
You are immune to poison.
You resist negative energy. (rN+)
You are resistant to electric shocks. (rElec)
You can survive without breathing.
You are immune to petrification.
You are immune to rotting.


Message History

You see here a sky beast corpse.
Things that are here:
a +0 short sword; a +0 leather armour; an orc corpse You butcher the orc corpse.
The sentinel's mark upon you fades away.
P - 31 chunks of flesh (gained 4)
Things that are here:
a +0 short sword; a +0 leather armour; an orc skeleton You see here a sky beast corpse.
You are no longer corroded.
You see here 20 bolts.
Found a stone staircase leading up.
f - 23 rations (gained 1)
You open the door. 2 ice devils come into view.
There is an open door here.
The ice devil hits you.
* * * LOW HITPOINT WARNING * * *
The ice devil freezes you!!
You die...

## #.....# ########
####.## #.# #.#
########## # #.
#......... .
####.######## .##
##### ...##.# ..####
#.+4##....##.# #....#
#
##.#.@4....##.########
.....# #.
#<.'.##....##.........
.....# #.###+.###
...##.######## .....#
#......# ####.#
.....###......#######
#.#
.....................
###
#..............#####.
#...##.........# ....#
..)......#


You could see 2 ice devils.

Vanquished Creatures
  Erolcha (D:10)
  A two-headed ogre (D:9)
  3 death yaks (D:11)
  Nergalle (D:10)
  The ghost of CrazyMind the Archer, a novice CeHu of Okawaru (D:6)
  An ugly thing (D:11)
  A cyclops (D:11)
  2 trolls
  Prince Ribbit (D:6)
  2 hippogriffs
  Grinder (D:6)
  A shadow (D:11)
  Eustachio (D:4)
  12 yaks
  A hungry ghost (D:9)
  2 steam dragons (D:11)
  An acid dragon (D:11)
  A porcupine (D:11)
  A hornet zombie (D:9)
  3 sky beasts
  An ice beast (D:6)
  A black bear (D:8)
  2 orc warriors (D:6)
  4 phantoms
  A necrophage (D:7)
  3 ogres
  4 centaurs
  A crocodile (D:10)
  Blork the orc (D:4)
  A big kobold (D:9)
  A wyvern zombie (D:9)
  8 bullfrogs
  A gnoll sergeant (D:11)
  6 scorpions
  10 killer bees
  4 howler monkeys
  7 crimson imps
  Crazy Yiuf (D:2)
  A quasit (D:6)
  10 orc priests
  5 jellies
  3 hounds
  2 iguanas
  13 orc wizards
  A centaur skeleton (D:5)
  A gnoll shaman (D:7)
  6 worker ants
  A hell rat (D:11)
  A hound skeleton (D:9)
  5 gnolls
  A howler monkey skeleton (D:5)
  A river rat (D:11)
  11 adders
  2 shadow imps
  7 oozes
  An adder zombie (D:5)
  An adder skeleton (D:7)
  5 worms
  2 dart slugs (D:2)
  6 leopard geckos
  35 orcs
  9 giant cockroaches
  5 hobgoblins
  11 jackals
  3 quokkas
  A ball python (D:2)
  6 bats
  3 frilled lizards
  9 goblins
  7 kobolds
  11 rats
281 creatures vanquished.

Vanquished Creatures (others)
  An orc wizard (D:4)
  A gnoll (D:11)
2 creatures vanquished.

Grand Total: 283 creatures vanquished

Notes
Turn   | Place    | Note
-------+----------+-------------------------------------------
     0 | D:1      | Gildeon the Gargoyle Fighter began the quest for the Orb.
     0 | D:1      | Reached XP level 1. HP: 14/14 MP: 1/1
   159 | D:1      | Reached XP level 2. HP: 19/19 MP: 2/2
   386 | D:1      | Reached skill level 3 in Maces & Flails
   431 | D:1      | Found a sparkling altar of Nemelex Xobeh.
   780 | D:2      | Reached XP level 3. HP: 16/23 MP: 3/3
  1092 | D:2      | Found an opulent altar of Gozag.
  1092 | D:2      | You fall into a shaft and drop 1 floor!
  1113 | D:3      | Reached skill level 4 in Maces & Flails
  1113 | D:3      | Reached XP level 4. HP: 23/28 MP: 4/4
  1526 | D:2      | Reached skill level 5 in Maces & Flails
  1582 | D:2      | Reached XP level 5. HP: 32/32 MP: 5/5
  1763 | D:2      | Found a runed translucent door.
  1764 | D:2      | Noticed Crazy Yiuf
  2160 | D:2      | Killed Crazy Yiuf
  2579 | D:4      | Noticed Blork the orc
  2585 | D:4      | Killed Blork the orc
  2585 | D:4      | Reached skill level 5 in Fighting
  2585 | D:4      | Reached XP level 6. HP: 40/40 MP: 6/6
  2658 | D:4      | Noticed Eustachio
  2749 | D:4      | Killed Eustachio
  2749 | D:4      | Reached skill level 5 in Armour
  2749 | D:4      | Reached XP level 7. HP: 15/44 MP: 7/7
  3009 | D:4      | Reached skill level 1 in Dodging
  3401 | D:5      | Entered Level 5 of the Dungeon
  3476 | D:5      | Found a burning altar of Makhleb.
  3479 | D:5      | Became a worshipper of Makhleb the Destroyer
  3650 | D:5      | Found an iron altar of Okawaru.
  3814 | D:5      | Reached XP level 8. HP: 49/50 MP: 8/8
  3920 | D:5      | Found a staircase to the Ecumenical Temple.
  3929 | Temple   | Entered the Ecumenical Temple
  4140 | D:5      | Found a glowing golden altar of the Shining One.
  4566 | D:6      | Reached skill level 5 in Dodging
  4629 | D:6      | Reached * piety under Makhleb
  4647 | D:6      | Reached skill level 5 in Shields
  4657 | D:6      | Reached skill level 1 in Invocations
  4657 | D:6      | Reached skill level 1 in Evocations
  4717 | D:6      | Reached XP level 9. HP: 54/54 MP: 10/10
  4827 | D:6      | Noticed Prince Ribbit
  5254 | D:6      | Noticed Grinder
  5275 | D:6      | Paralysed by Grinder for 4 turns
  5281 | D:6      | Killed Grinder
  5281 | D:6      | Reached skill level 6 in Maces & Flails
  5403 | D:6      | Learned a level 2 spell: Passwall
  5518 | D:6      | Killed Prince Ribbit
  5747 | D:6      | Found a runed translucent door.
  5753 | D:6      | Noticed CrazyMind's ghost (novice CeHu)
  6264 | D:7      | Found a snail-covered altar of Cheibriados.
  6782 | D:7      | Reached skill level 5 in Invocations
  6786 | D:7      | Reached skill level 7 in Maces & Flails
  6957 | D:7      | Reached ** piety under Makhleb
  7250 | D:7      | Reached XP level 10. HP: 59/59 MP: 13/13
  7454 | D:8      | Found a bloodstained altar of Trog.
  7473 | D:8      | Reached skill level 5 in Evocations
  7518 | D:8      | Reached skill level 1 in Spellcasting
  7613 | D:8      | Got a scorched mace
  7694 | D:8      | Reached skill level 8 in Maces & Flails
  7703 | D:8      | Found an ornate altar of the Wu Jian Council.
  7727 | D:8      | Identified the +9 mace "Vablirghu" {elec, -Tele +Inv Int+2}
                  | (You found it on level 8 of the Dungeon)
  8234 | D:9      | Reached skill level 1 in Earth Magic
  8256 | D:9      | Reached *** piety under Makhleb
  8393 | D:9      | Noticed a two-headed ogre
  8403 | D:9      | Killed a two-headed ogre
  8403 | D:9      | Reached skill level 1 in Transmutations
  8459 | D:8      | Reached skill level 9 in Maces & Flails
  9120 | D:6      | Killed CrazyMind's ghost
  9213 | D:10     | Entered Level 10 of the Dungeon
  9224 | D:10     | Reached skill level 10 in Maces & Flails
  9228 | D:10     | Found a staircase to the Orcish Mines.
  9249 | D:10     | Found a roughly hewn altar of Beogh.
  9376 | D:9      | Reached XP level 11. HP: 63/64 MP: 14/14
  9607 | D:10     | Noticed Erolcha
  9644 | D:10     | Paralysed by Erolcha for 6 turns
  9651 | D:10     | Killed Erolcha
 10251 | D:10     | Noticed Nergalle
 10266 | D:10     | Killed Nergalle
 10409 | D:11     | Noticed a cyclops
 10422 | D:11     | Killed a cyclops
 10450 | D:11     | Reached **** piety under Makhleb
 10467 | D:11     | Noticed a green ugly thing
 10487 | D:11     | Noticed a death yak
 10513 | D:11     | Killed a green ugly thing
 10522 | D:11     | Killed a death yak
 10537 | D:11     | Found a stormy altar of Qazlal.
 10580 | D:11     | Noticed a death yak
 10582 | D:11     | Noticed a death yak
 10595 | D:11     | Killed a death yak
 10605 | D:11     | Killed a death yak
 10619 | D:11     | Found a staircase to the Lair.
 10736 | D:11     | Found Gowad's Weapon Shoppe.
 10998 | D:11     | Reached XP level 12. HP: 73/73 MP: 15/15
 11060 | D:11     | HP: 1/73 [porcupine (8)]
 11088 | D:11     | Slain by an ice devil

Levels and vault maps discovered:
D:1:      mrwooster_arrival_statue_2, layout_basic,
          nemelex_xobeh_ov_fountains_minmay
D:2:      layout_loops_ring, nicolae_gozag_seed_capital, first_ration,
          uniq_crazy_yiuf_cottage
D:3:      layout_rooms, minmay_fountain_box
D:4:      layout_loops_ring, uniq_blork_the_orc, uniq_eustachio
D:5:      layout_cave_pools, nicolae_overflow_hidden_temple,
          kennysheep_little_box, kennysheep_mini, minmay_temple_entry_wispy
D:6:      layout_loops_ring, ebering_ghost_reflecting_pool, uniq_grinder,
          uniq_prince_ribbit1
D:7:      layout_cave_pods, kennysheep_mini_moat
D:8:      layout_rooms, overflow_temple_1_default, basic_altar
D:9:      layout_rooms
D:10:     layout_grid_maze, minmay_orc_entry_temple_small,
          hangedman_little_slice_of_home, uniq_nergalle, uniq_erolcha
D:11:     layout_basic, dpeg_lair_monsters, portal_ice_cave_demonic_guard,
          serial_shops, shop, nicolae_qazlal_general_emergency
Temple:   eino_temple_scatter_basement

Skill      XL: |  1  2  3  4  5  6  7  8  9 10 11 12 |
---------------+-------------------------------------+-----
Maces & Flails | 3 4 5 7 10 | 10.0
Fighting       | 5 7 8 |  8.0
Armour         | 5 9 |  9.8
Dodging        | 3 5 6 |  6.7
Shields        | 5 7 |  7.9
Invocations    | 2 5 |  5.0
Evocations     | 1 4 5 |  5.0
Spellcasting   | 2 |  2.6
Earth Magic    | 2 |  2.8
Transmutations | 2 |  2.5

Action                   |  1- 3 |  4- 6 |  7- 9 | 10-12 || total
-------------------------+-------+-------+-------+-------++-------
Melee: Flail             |   147 |    15 |       |       ||   162
       Morningstar       |       |   266 |   698 |    90 ||  1054
       Mace              |       |       |       |   384 ||   384
Evoke: Wand              |       |     6 |     4 |    16 ||    26
  Use: Scroll            |       |     6 |     4 |     3 ||    13
       Potion            |       |     2 |     1 |     3 ||     6
 Stab: Invisible         |       |     1 |       |       ||     1
  Eat: Chunk             |     1 |     6 |    16 |    25 ||    48
       Ration            |       |       |       |     1 ||     1
Armor: Chain mail        |    89 |   217 |   287 |       ||   593
       Plate armour      |       |       |   339 |   324 ||   663
Dodge: Dodged            |    37 |    82 |   217 |   144 ||   480
Block: Shield            |    77 |   164 |   456 |   279 ||   976
